 Dungeon Crawl Stone Soup version 0.30-a0-364-gf6b3ef1049 (webtiles) character file.

Game seed: 10895127402114325506

499 Darkkill the Shooter (level 6, -12/56 HPs)
             Began as a Minotaur Hunter on Nov 14, 2022.
             Mangled by Pikel
             ... wielding a +1 whip of electrocution
              (18 damage)
             ... on level 5 of the Dungeon.
             The game lasted 00:03:12 (3751 turns).

Darkkill the Shooter (Minotaur Hunter)              Turns: 3751, Time: 00:03:12

Health: -12/56     AC: 19    Str: 17    XL:     6   Next: 94%
Magic:  5/5        EV:  1    Int:  6    God:
Gold:   246        SH:  0    Dex: 14    Spells: 5/5 levels left

rFire   . . .      SeeInvis .    a - +0 shortbow (drain)
rCold   . . .      Faith    .    (shield currently unavailable)
rNeg    . . .      Spirit   .    p - +4 crystal plate armour
rPois   .          Reflect  .    (helmet restricted)
rElec   .          Harm     .    (no cloak)
rCorr   .          Rampage  .    (no gloves)
Will    .....                    u - +0 pair of boots
Stlth   ..........               (no amulet)
HPRegen 0.29/turn                (no ring)
MPRegen 0.09/turn                (no ring)

@: no status effects
A: horns 2, retaliatory headbutt
a: no special abilities


You were on level 5 of the Dungeon.
You visited 1 branch of the dungeon, and saw 5 of its levels.

You collected 246 gold pieces.

Inventory:

Hand Weapons
 a - a +0 shortbow of draining (weapon)
 h - a +4 spectral club
Missiles
 d - 52 stones
 l - 4 silver javelins
 n - 5 poisoned darts
Armour
 p - a +4 crystal plate armour (worn)
 u - a +0 pair of boots (worn)
Jewellery
 s - a ring of protection from fire
Wands
 c - a wand of iceblast (9)
 t - a wand of acid (2)
Scrolls
 b - 2 scrolls of immolation
 f - 7 scrolls of teleportation
 i - a scroll of butterflies
 o - a scroll of amnesia
Potions
 e - 2 potions of heal wounds {unknown}
 g - a potion of might {unknown}
 j - a potion of curing {unknown}
 k - a potion of cancellation {unknown}
 m - 4 potions of flight


   Skills:
 + Level 5.0 Fighting
 + Level 5.9 Ranged Weapons
 + Level 4.4 Dodging
 + Level 3.2 Stealth


You had 5 spell levels left.
You didn't know any spells.
Your spell library contained the following spells:

 Spells                   Type           Power      Damage    Failure   Level
 Blink                    Tloc           0%         N/A       100%        2
 Manifold Assault         Tloc           0%         N/A       100%        4
 Storm Form               Tmut/Air       0%         N/A       100%        7


Dungeon Overview and Level Annotations

Branches:
Dungeon (5/15)
 Temple: D:4-7

Altars:

Shops:
D:3 [   D:4 [

Annotations:
D:5 Pikel


Innate Abilities, Weirdness & Mutations

You have a pair of horns on your head.
You reflexively headbutt those who attack you in melee.


Message History

Ijyb barely misses you. Ijyb hits you but does no damage.
You shoot an arrow. The arrow hits Ijyb but does no damage.
You drain Ijyb.
Ijyb is moderately wounded.
Ijyb hits you with a +4 spectral club. Ijyb hits you but does no damage.
You shoot an arrow. The arrow closely misses Ijyb.
Ijyb screams, "No!
No, no, no, no!"
Ijyb hits you but does no damage. x2
You shoot an arrow. The arrow barely misses Ijyb.
Ijyb hits you but does no damage. x2; Ijyb hits you with a +4 spectral club.
Fire: a) +0 shortbow (drain)
Press: ? - help, Q - select action, (/) - cycle Shift-Dir - straight line, f/p - Ijyb
Aim: Ijyb, wielding a +4 spectral club, wearing a +0 leather armour and carrying a wand of iceblast (9) (moderately wounded, heavily drained, 56% to hit)
You shoot an arrow. The arrow hits Ijyb.
You drain Ijyb.
Ijyb is severely wounded.
Ijyb hits you but does no damage. Ijyb hits you with a +4 spectral club.
Fire: a) +0 shortbow (drain)
Press: ? - help, Q - select action, (/) - cycle Shift-Dir - straight line, f/p - Ijyb
Aim: Ijyb, wielding a +4 spectral club, wearing a +0 leather armour and carrying a wand of iceblast (9) (severely wounded, heavily drained, 56% to hit)
You shoot an arrow. The arrow hits Ijyb but does no damage.
You drain Ijyb.
Ijyb is severely wounded.
Ijyb hits you but does no damage. Ijyb hits you with a +4 spectral club!
Fire: a) +0 shortbow (drain)
Press: ? - help, Q - select action, (/) - cycle Shift-Dir - straight line, f/p - Ijyb
Aim: Ijyb, wielding a +4 spectral club, wearing a +0 leather armour and carrying a wand of iceblast (9) (severely wounded, heavily drained, 56% to hit)
You shoot an arrow. The arrow hits Ijyb.
You kill Ijyb!
Your Fighting skill increases to level 5!
Fire: a) +0 shortbow (drain)
Press: ? - help, Q - select action, (/) - cycle Shift-Dir - straight line, f - you
Okay, then.
c - a wand of iceblast (9)
Things that are here:
a +4 spectral club; a +0 leather armour; the goblin corpse of Ijyb
h - a +4 spectral club You are too injured to fight recklessly!
You are too injured to fight recklessly!
HP restored.
Found a club.
No target in view!
Found a stone staircase leading down.
No target in view!
Found a dagger.
No target in view!
You now have 246 gold pieces (gained 18).
You open the door.
An orc, a phantom, Pikel and 3 lemures come into view.
Pikel is wielding a +1 whip of electrocution and carrying a wand of charming (8).
The orc shouts!
The lemure shouts! x2
Pikel cracks his whip.
Pikel zaps a wand.
Your will is overpowered!
You are confused.
Non-targeted confused fire: a) +0 shortbow (drain)
Press: ? - help, Q - select action, (/) - cycle Dir - look around, f - activate Look: Pikel, wielding a +1 whip of electrocution, wearing a +0 robe and carrying a wand of charming (7)
You shoot an arrow.
An ice beast comes into view.
Non-targeted confused fire: a) +0 shortbow (drain)
Press: ? - help, Q - select action, (/) - cycle Dir - look around, f - activate Look: Pikel, wielding a +1 whip of electrocution, wearing a +0 robe and carrying a wand of charming (7)
You shoot an arrow. The arrow hits Pikel.
Pikel is lightly wounded.
A lemure comes into view.
Pikel hits you but does no damage.
The lemure moves out of view.
Non-targeted confused fire: a) +0 shortbow (drain)
Press: ? - help, Q - select action, (/) - cycle Dir - look around, f - activate You shoot an arrow.
The arrow hits Pikel.
Pikel is moderately wounded.
You feel less confused. Pikel hits you but does no damage.
Pikel hits you with a +1 whip of electrocution!
You are electrocuted!
You shoot an arrow. The arrow barely misses Pikel.
The arrow hits the lemure.
The lemure is lightly wounded.
Pikel zaps a wand.
You resist with some effort.
Pikel hits you with a +1 whip of electrocution!
You are electrocuted!
* * * LOW HITPOINT WARNING * * *
Pikel hits you but does no damage.
You are electrocuted!
* * * LOW HITPOINT WARNING * * *
Fire: a) +0 shortbow (drain)
Press: ? - help, Q - select action, (/) - cycle Shift-Dir - straight line, f/p - Pikel
Aim: Pikel, wielding a +1 whip of electrocution, wearing a +0 robe and carrying a wand of charming (6) (lightly wounded, 56% to hit)
You shoot an arrow. The arrow barely misses Pikel.
The arrow hits the lemure.
The lemure is lightly wounded.
Pikel hits you but does no damage. x2
Fire: a) +0 shortbow (drain)
Press: ? - help, Q - select action, (/) - cycle Shift-Dir - straight line, f/p - Pikel
Aim: Pikel, wielding a +1 whip of electrocution, wearing a +0 robe and carrying a wand of charming (6) (lightly wounded, 56% to hit)
Okay, then.
Aiming: Corrosive Bolt
Press: ? - help, Q - select action, (/) - cycle Shift-Dir - straight line, f - orc, p - Pikel
Aim: an orc, wielding a +0 club and quivering boomerangs (71% to hit)
The bolt of acid hits Pikel!
The acid corrodes Pikel!
Pikel is moderately wounded.
The bolt of acid hits the lemure!
The lemure is heavily wounded.
The bolt of acid misses the orc.
Pikel waves his whip at you. Pikel hits you but does no damage.
You are electrocuted!!
You die... ~...........~ ........... ......... ....... .Yo.. 555

#K#
####@#######
#...........
#...........
#...........
#...........
#...........
#...........
#...........
#...........


You could see Pikel (corroded), an ice beast, 3 lemures and an orc.

Vanquished Creatures
  An ogre (D:4)
  A howler monkey (D:5)
  A jelly (D:4)
  A hound (D:4)
  3 orc priests (D:4)
  An iguana (D:4)
  An orc wizard (D:4)
  Ijyb (D:5)
  6 adders
  3 gnolls (D:2)
  A worm (D:3)
  2 dart slugs
  6 orcs
  8 ball pythons
  3 bats (D:3)
  7 endoplasms
  A giant cockroach (D:1)
  2 hobgoblins
  5 jackals
  6 kobolds
  A quokka (D:1)
  2 frilled lizards
  4 goblins
  3 rats
70 creatures vanquished.

Notes
Turn   | Place    | Note
-------+----------+-------------------------------------------
     0 | D:1      | Darkkill the Minotaur Hunter began the quest for the Orb.
     0 | D:1      | Reached XP level 1. HP: 18/18 MP: 0/0
    51 | D:1      | Reached skill level 1 in Stealth
   135 | D:1      | Reached XP level 2. HP: 25/25 MP: 1/1
  1106 | D:2      | Reached XP level 3. HP: 31/31 MP: 2/2
  1390 | D:2      | Reached XP level 4. HP: 36/38 MP: 3/3
  1526 | D:2      | Reached skill level 5 in Ranged Weapons
  1812 | D:3      | Found Atwausir's Antique Armour Shoppe.
  2442 | D:4      | Noticed an ogre
  2448 | D:4      | Killed an ogre
  2449 | D:4      | Reached XP level 5. HP: 13/46 MP: 4/4
  2736 | D:4      | Reached XP level 6. HP: 53/53 MP: 5/5
  3161 | D:4      | Found Des Gejol's Antique Armour Shop.
  3444 | D:4      | Identified a scroll of acquirement
  3444 | D:4      | Acquired a +2 crystal plate armour
  3509 | D:5      | Entered Level 5 of the Dungeon
  3615 | D:5      | Noticed Ijyb
  3626 | D:5      | Killed Ijyb
  3627 | D:5      | Reached skill level 5 in Fighting
  3745 | D:5      | Noticed Pikel
  3746 | D:5      | Noticed an ice beast
  3749 | D:5      | HP: 5/56 [Pikel/+1 whip of electrocution (10)]
  3751 | D:5      | Mangled by Pikel

Illustrated notes

Levels and vault maps discovered:
D:1:      dpeg_chamrin_arrival_tetris, layout_loops_ring, minmay_misc_feat_tiny,
          kennysheep_crisscross, grunt_decor_mini_mirrors,
          chequers_serial_rivers_small_3, minmay_surrounded
D:2:      layout_basic
D:3:      layout_loops_ring, nicolae_overflow_hidden_temple, serial_shops, shop,
          mrwooster_statue_mirror
D:4:      nicolae_BIG_FREAKIN_CUBE, layout_cave_pools, serial_co_window_serial,
          co_window_paths_a, co_window_cross_1, co_window_paths_b,
          co_window_paths_a, co_window_corner_a, co_window_cross_1,
          co_window_paths_a, co_window_paths_c, co_window_2corner,
          co_window_paths_c, co_window_of_opportunity_b, glass_columns_a,
          glass_columns_a, serial_shops, nicolae_shop_advertising_works
          [nicolae_subvault_shop_adworks]
D:5:      layout_basic, kennysheep_generic_room_2, uniq_ijyb, uniq_pikel,
          uniq_sigmund

Skill      XL: |  1  2  3  4  5  6 |
---------------+-------------------+-----
Stealth        | 1 2 3 |  3.2
Fighting       | 3 4 5 |  5.0
Dodging        | 3 4 |  4.4
Ranged Weapons | 5 |  5.9

Action                   |  1- 3 |  4- 6 || total
-------------------------+-------+-------++-------
 Fire: Shortbow          |    72 |   141 ||   213
Evoke: Wand              |       |     1 ||     1
  Use: Scroll            |     2 |    10 ||    12
Armor: Leather armour    |     7 |     9 ||    16
       Crystal plate arm |       |    32 ||    32
Dodge: Dodged            |    26 |    36 ||    62

Table legend: (Time is in decaauts)
 A = Elapsed time spent in this place.
 B = Non-inter-level travel time spent in this place.
 C = Inter-level travel time spent in this place.
 D = Time resting spent in this place.
 E = Time spent auto-exploring this place.
 F = Levels seen in this place.
 G = Mean time per level.
                   A        B        C        D        E       F      G
               +--------+--------+--------+--------+--------+-----+--------+
         Total |   3832 |   3750 |     82 |     73 |   3161 |   5 |  766.4 |
       Dungeon |   3832 |   3750 |     82 |     73 |   3161 |   5 |  766.4 |
               +--------+--------+--------+--------+--------+-----+--------+

Top non-repeatable levels by time:
     D:4: 1100 daAuts
     D:1: 1098 daAuts
     D:2: 734 daAuts
     D:3: 632 daAuts
     D:5: 266 daAuts

Table legend:
 A = Kills in this place as a percentage of kills in entire the game.
 B = Kills by you in this place as a percentage of kills by you in the entire game.
 C = Kills by friends in this place as a percentage of kills by friends in the entire game.
 D = Other kills in this place as a percentage of other kills in the entire game.
 E = Experience gained in this place as a percentage of experience gained in the entire game.
 F = Experience gained in this place divided by the number of levels of this place that you have seen.
                   A       B       C       D       E      F
               +-------+-------+-------+-------+-------+----------------------
         Total | 100.0 | 100.0 |   N/A |   N/A | 100.0 | 142.6
       Dungeon | 100.0 | 100.0 |   N/A |   N/A | 100.0 | 142.6
               +-------+-------+-------+-------+-------+----------------------
